 Dungeon Crawl Stone Soup version 0.25-a0-346-g140ab784a8 (webtiles) character file.

Game seed: 3590077113224423376, levelgen mode: deterministic

692 Essalna the Reanimator (level 7, 0/36 HPs)
             Began as a Deep Elf Necromancer on Dec 31, 2019.
             Slain by Grinder (6 damage)
             ... on level 4 of the Dungeon.
             The game lasted 00:14:33 (4576 turns).

Essalna the Reanimator (Deep Elf Necromancer)       Turns: 4576, Time: 00:14:33

Health: 0/36       AC:  8    Str:  5      XL:     7   Next: 36%
Magic:  20/20      EV: 12    Int: 22      God:
Gold:   178        SH:  0    Dex: 14 (15) Spells: 18/22 levels left

rFire    . . .     SeeInvis .   f - +5 flail (venom)
rCold    + . .     Gourm    .   (no shield)
rNeg     . . .     Faith    .   p - +3 leather armour {rC+}
rPois    .         Spirit   .   b - +0 helmet
rElec    .         Reflect  .   (no cloak)
rCorr    .         Harm     .   l - +0 pair of gloves
MR       .....                  (no boots)
Stlth    +++.......             (no amulet)
HPRegen  0.12/turn              s - ring of stealth
MPRegen  0.17/turn              (no ring)

@: no status effects
A: no striking features
a: no special abilities


You were on level 4 of the Dungeon.
You were not hungry.

You visited 1 branch of the dungeon, and saw 4 of its levels.

You collected 178 gold pieces.

Inventory:

Hand Weapons
 e - a +0 dagger
 f - a +5 flail of venom (weapon)
Armour
 a - a +0 robe
 b - a +0 helmet (worn)
 k - a +1 robe of positive energy
 l - a +0 pair of gloves (worn)
 p - a +3 leather armour of cold resistance (worn)
Jewellery
 s - a ring of stealth (left hand)
Wands
 g - a wand of polymorph (5)
 j - a wand of scattershot (7)
Scrolls
 r - a scroll of remove curse {unknown}
Potions
 d - a potion of degeneration
 h - a potion of haste {unknown}
 i - a potion of might
 n - a potion of mutation {unknown}
 o - a potion of curing {unknown}
 q - a potion of heal wounds
Comestibles
 c - 7 rations


   Skills:
 + Level 0.0 Fighting
 + Level 0.0 Armour
 + Level 2.4 Dodging
 - Level 2.4 Stealth
 + Level 8.1 Spellcasting
 + Level 8.4 Necromancy


You had 18 spell levels left.
You knew the following spells:

 Your Spells              Type           Power        Failure   Level  Hunger
a - Pain                  Necr           ####         1%          1    None
b - Vampiric Draining     Necr           #####.....   1%          3    None

Your spell library contained the following spells:

 Spells                   Type           Power        Failure   Level  Hunger
 Animate Skeleton         Necr           N/A          1%          1    None
 Animate Dead             Necr           N/A          3%          4    ###....
 Regeneration             Chrm/Necr      ####......   6%          3    None


Dungeon Overview and Level Annotations

Branches:
Dungeon (4/15)
 Temple: D:4-7

Altars:
Xom

Annotations:
D:3 2 transporters, BritishOli's ghost, amateur DsGl
D:4 Grinder


Message History

You hit Grinder.
Grinder is lightly wounded.
Grinder gestures at you.
You suddenly lose the ability to move!
Grinder blinks!
You can move again.
Grinder gestures at you.
You struggle to resist.
Grinder gestures at you. Pain shoots through your body!
Grinder hits you but does no damage.
You closely miss Grinder.
Grinder is lightly wounded.
Grinder gestures at you. Pain shoots through your body!
Grinder says, "Mostly I couldn't keep them alive."
Grinder hits you!
* * * LOW HITPOINT WARNING * * *
You writhe in agony.
You die...

#.#........#########...#
#.######..## ###.# #.# #...#
#.#### #.# ##.#..# #<...# ##.#
#..##..# ####.# ##..####.## .##
###########.### ###........###.#
#..............
.....########..####.#########....
....## #5@...# ##### #####
#...##### #....## #.## #


You could see Grinder.

Vanquished Creatures
  Sigmund (D:4)
  Edmund (D:4)
  Duvessa (D:4)
  Dowan (D:4)
  2 hounds (D:4)
  Jessica (D:3)
  Terence (D:2)
  6 adders
  A gnoll (D:1)
  An ooze (D:1)
  3 worms
  2 dart slugs
  2 leopard geckos
  4 orcs (D:3)
  3 giant cockroaches
  2 hobgoblins
  16 jackals
  A ball python (D:3)
  7 bats
  2 frilled lizards
  4 goblins (D:2)
  4 kobolds
  5 rats
71 creatures vanquished.

Notes
Turn   | Place    | Note
-------+----------+-------------------------------------------
     0 | D:1      | Essalna the Deep Elf Necromancer began the quest for the
                  | Orb.
     0 | D:1      | Reached XP level 1. HP: 10/10 MP: 6/6
    62 | D:1      | Reached skill level 5 in Necromancy
   496 | D:1      | Reached XP level 2. HP: 14/15 MP: 4/8
   865 | D:1      | Reached XP level 3. HP: 19/19 MP: 8/10
   966 | D:1      | Learned a level 3 spell: Vampiric Draining
  1357 | D:2      | Noticed Terence
  2187 | D:2      | Reached XP level 4. HP: 21/24 MP: 7/12
  2270 | D:2      | Found a shimmering altar of Xom.
  2270 | D:2      | Found a shimmering altar of Xom.
  2270 | D:2      | Found a shimmering altar of Xom.
  2270 | D:2      | Found a shimmering altar of Xom.
  2270 | D:2      | Found a shimmering altar of Xom.
  2271 | D:2      | Found a shimmering altar of Xom.
  2272 | D:2      | Found a shimmering altar of Xom.
  2273 | D:2      | Found a shimmering altar of Xom.
  2287 | D:2      | Killed Terence
  2287 | D:2      | Reached skill level 5 in Spellcasting
  2680 | D:3      | Found a transporter.
  2684 | D:3      | Noticed BritishOli's ghost (amateur DsGl)
  3302 | D:3      | Noticed Jessica
  3314 | D:3      | Killed Jessica
  3314 | D:3      | Reached XP level 5. HP: 24/28 MP: 15/15
  3538 | D:3      | Found a transporter.
  3919 | D:4      | Noticed Edmund
  3928 | D:4      | Killed Edmund
  3928 | D:4      | Reached XP level 6. HP: 9/32 MP: 3/17
  4213 | D:4      | Noticed Sigmund
  4226 | D:4      | Killed Sigmund
  4390 | D:4      | Noticed Duvessa
  4391 | D:4      | Noticed Dowan
  4397 | D:4      | Reached XP level 7. HP: 34/36 MP: 20/20
  4409 | D:4      | Killed Duvessa
  4415 | D:4      | Killed Dowan
  4560 | D:4      | Noticed Grinder
  4570 | D:4      | Paralysed by Grinder for 2 turns
  4576 | D:4      | Slain by Grinder

Levels and vault maps discovered:
D:1:      wander_arrival_peaceful_grave, layout_basic, minmay_tree_intersection
D:2:      layout_basic, minmay_misc_feat_five, xom_redecorated, uniq_terence
D:3:      layout_loops_corners, gammafunk_ghost_arena, uniq_jessica
D:4:      layout_rooms, first_ration, uniq_sigmund, uniq_duvessa, uniq_grinder,
          uniq_edmund, uniq_eustachio

Skill      XL: |  1  2  3  4  5  6  7 |
---------------+----------------------+-----
Necromancy     | 5 6 7 8 |  8.4
Spellcasting   | 4 5 6 7 8 |  8.1
Dodging        | |  2.4
Stealth        | |  2.4

Action                   |  1- 3 |  4- 6 |  7- 9 || total
-------------------------+-------+-------+-------++-------
Melee: Dagger            |    40 |    50 |       ||    90
       Unarmed           |       |     5 |       ||     5
       Flail             |       |    19 |    18 ||    37
 Cast: Pain              |    65 |    61 |       ||   126
       Vampiric Draining |     2 |     5 |     5 ||    12
  Use: Scroll            |       |     2 |       ||     2
       Potion            |       |     2 |       ||     2
  Eat: Chunk             |     4 |     7 |       ||    11
Armor: Robe              |    16 |    75 |     5 ||    96
       Skin              |       |     1 |       ||     1
       Leather armour    |       |       |     3 ||     3
Dodge: Dodged            |    43 |   151 |    10 ||   204

Table legend:
 A = Non-vault XP
 B = Vault XP
 C = Vault XP percentage of total XP
 D = Non-vault monster count
 E = Vault monster count
 F = Vault count percentage of total count
                 A         B        C        D         E       F
            +---------+---------+-------+---------+---------+-------
      Total |     300 |     689 |  69.7 |      65 |       6 |   8.5
            +---------+---------+-------+---------+---------+-------
        D:1 |      46 |       0 |   0.0 |      17 |       0 |   0.0
        D:2 |      70 |      36 |  34.0 |      15 |       1 |   6.2
        D:3 |      63 |      37 |  37.0 |      21 |       1 |   4.5
        D:4 |     121 |     616 |  83.6 |      12 |       4 |  25.0
            +---------+---------+-------+---------+---------+-------
